Map: Tours du crépuscule (3.2.2 équilibrage v1.0)

Players

kbosss

  • Race: Protoss Protoss

LÉopOLDineFr - Winner!

  • Race: Terran Terran

VOD

Have the link to the VOD?

Description

Time

  • Played on: May 3, 2016, 2:11 a.m.
  • Length: 7:47
Show
View Real Time Build Order
Export as new Build Order

kbosss Protoss 

Build Orders: Double Forge, Nexus First 

Get SALT Encoding   

  12  0:01  Probe (Chrono Boost)  
  13  0:12  Probe (Chrono Boost)  
  14  0:20  Pylon  
  14  0:23  Probe (Chrono Boost)  
  15  0:38  Probe (Chrono Boost)  
  16  0:49  Probe (Chrono Boost)  
  17  1:02  Nexus  
  17  1:05  Probe (Chrono Boost)  
  18  1:15  Probe (Chrono Boost)  
  19  1:22  Gateway  
  19  1:26  Probe (Chrono Boost)  
  20  1:36  Probe (Chrono Boost)  
  20  1:37  Pylon  
  21  1:40  Assimilator  
  21  1:46  Assimilator  
  21  1:47  Probe (Chrono Boost)  
  22  1:58  Probe (Chrono Boost)  
  23  2:11  Cybernetics Core, Zealot (Chrono Boost)  
  25  2:16  Probe x2  
  27  2:27  Probe  
  27  2:28  Probe  
  29  2:36  Assimilator  
  29  2:38  Probe  
  29  2:41  Assimilator  
  30  2:48  Stalker (Chrono Boost)  
  30  2:50  Warp Gate (Chrono Boost)  
  32  2:54  Probe  
  32  2:58  Mothership Core  
  35  3:07  Gateway  
  35  3:16  Probe  
  35  3:19  Probe  
  37  3:23  Zealot  
  37  3:26  Probe  
  39  3:28  Robotics Facility  
  39  3:30  Pylon  
  40  3:36  Probe  
  40  3:40  Forge  
  41  3:45  Forge  
  41  3:49  Probe x2  
  43  3:57  Sentry  
  43  4:00  Adept  
  43  4:01  Probe  
  48  4:03  Probe  
  49  4:11  Twilight Council  
  49  4:14  Probe  
  49  4:15  Observer  
  49  4:16  Protoss Ground Weapons Level 1 (Chrono Boost)  
  51  4:20  Protoss Ground Armor Level 1 (Chrono Boost)  
  51  4:27  Probe  
  51  4:28  Probe  
  53  4:49  Templar Archives  
  53  4:51  Charge (Chrono Boost)  
  53  4:59  Pylon  
  53  5:03  Probe  
  53  5:04  Pylon  
  54  5:17  Probe x2  
  54  5:18  Observer  
  54  5:19  Gateway  
  54  5:21  Stalker x2  
  59  5:25  Gateway  
  61  5:30  Psionic Storm, Probe x2  
  63  5:42  Probe x2  
  65  5:49  Immortal  
  69  5:54  Probe  
  70  6:10  Robotics Facility  
  70  6:12  Robotics Facility  
  70  6:17  Pylon  
  70  6:19  Pylon  
  70  6:35  Robotics Facility  
  70  6:36  Immortal (Chrono Boost)  
  64  7:12  Stalker x3  
  64  7:13  Stalker  
  64  7:40  Stalker  
Show
View Real Time Build Order
Export as new Build Order

LÉopOLDineFr Terran - Winner!

Build Orders:  

Get SALT Encoding   

  12  0:01  SCV  
  13  0:13  SCV  
  14  0:18  Supply Depot  
  14  0:25  SCV  
  15  0:40  SCV  
  15  0:42  Barracks  
  16  0:52  SCV  
  17  1:04  SCV  
  18  1:16  Command Center  
  18  1:19  SCV  
  19  1:28  Marine  
  19  1:31  Orbital Command  
  20  1:36  Refinery  
  20  1:40  Refinery  
  20  1:48  Supply Depot  
  20  1:50  Marine  
  21  1:56  SCV  
  22  2:08  SCV  
  23  2:18  Marine  
  23  2:21  SCV  
  23  2:22  Refinery  
  25  2:24  Factory  
  25  2:32  Orbital Command  
  25  2:33  SCV  
  26  2:39  Marine  
  27  2:48  SCV  
  28  3:01  Marine  
  29  3:06  SCV x2  
  29  3:09  Widow Mine  
  33  3:13  Armory  
  33  3:16  Factory  
  33  3:22  SCV x2  
  33  3:25  Supply Depot  
  35  3:30  Barracks Reactor  
  35  3:34  SCV x2  
  35  3:37  Widow Mine  
  39  3:42  Supply Depot  
  39  3:46  SCV  
  40  3:51  SCV  
  41  3:58  SCV  
  41  4:00  Factory Tech Lab  
  42  4:03  Terran Vehicle And Ship Armor Level 1  
  42  4:06  Factory Tech Lab  
  42  4:10  SCV x2  
  42  4:12  Marine x2  
  46  4:17  Supply Depot  
  46  4:24  SCV x2  
  54  4:37  Marine  
  54  4:38  Marine  
  62  4:42  Supply Depot  
  62  4:46  Supply Depot  
  62  4:47  SCV  
  62  4:48  SCV  
  64  4:59  SCV  
  65  5:00  SCV  
  65  5:05  Supply Depot  
  66  5:08  Unknown  
  66  5:09  Marine  
  66  5:10  Marine  
  74  5:18  Unknown  
  74  5:21  SCV x2  
  82  5:28  Supply Depot  
  82  5:30  Marine x2  
  82  5:31  Supply Depot  
  84  5:42  SCV x2  
  86  5:51  Unknown  
  86  5:54  SCV x2  
  88  6:01  Unknown  
  88  6:04  Marine  
  88  6:05  Marine  
  88  6:06  SCV  
  103  6:14  SCV  
  103  6:17  Command Center  
  104  6:18  SCV  
  104  6:24  Supply Depot  
  104  6:25  Marine x2  
  106  6:27  SCV  
  106  6:30  SCV  
  109  6:39  SCV  
  110  6:45  Marine x2, SCV  
  113  6:48  Supply Depot  
  113  6:49  Unknown x2  
  113  6:51  SCV  
  114  6:57  SCV  
  115  7:03  SCV  
  116  7:10  SCV  
  116  7:15  SCV  
  121  7:22  SCV  
Tags
 
Add a new tag
Caveats
  • Supply blocks, unpowered buildings, or Contaminate may cause inaccurate times.
  • Supply counts are checked every 10 seconds.